 Dungeon Crawl Stone Soup version 0.16.0-18-g484a79e (webtiles) character file.

24075 Nefaurd the Cardsharp (level 12, -16/110 HPs)
             Began as a Deep Dwarf Artificer on Mar 21, 2015.
             Was a High Priest of Nemelex Xobeh.
             Demolished by an apis (19 damage)
             ... on level 8 of the Lair of Beasts on Mar 22, 2015.
             The game lasted 02:55:38 (16031 turns).

Nefaurd the Cardsharp (Deep Dwarf Artificer)       Turns: 16031, Time: 02:55:39

Health: -16/110    AC: 25    Str: 23    XL:     12   Next: 77%
Magic:  9/17       EV: 12    Int: 20    God:    Nemelex Xobeh [*****.]
Gold:   667        SH:  0    Dex: 13    Spells: 0 memorised, 11 levels left

rFire  + . .     SeeInvis +     P - +2 demon whip (flame)
rCold  . . .     Clarity  .     s - +5 ring mail {rF+}
rNeg   . . .     SustAb   .     (no shield)
rPois  +         Gourm    .     Y - +2 helmet {SInv}
rElec  .         Spirit   .     t - +2 cloak
rCorr  .         Warding  .     l - +0 pair of gloves "Graan" {rPois Int+6 Stlth-}
rMut   .         Stasis   .     b - +2 pair of boots
MR     +....                    (no amulet)
Stlth  ++........               e - +2 ring of protection
                                I - +2 ring of strength

@: about to teleport, especially stealthy, non-regenerating, somewhat resistant
to hostile enchantments, unstealthy
A: damage resistance, recharge devices, breathe flames 1, sense surroundings 2,
slow healing 3, spit poison 1, strong 1, placid magic 1
a: Device Recharging, Spit Poison, Triple Draw, Deal Four, Stack Five, Renounce
Religion, Breathe Fire


You were on level 8 of the Lair of Beasts.
You worshipped Nemelex Xobeh.
Nemelex Xobeh was extremely pleased with you.
You were very hungry.

You visited 3 branches of the dungeon, and saw 19 of its levels.
You also visited: Sewer, Ossuary and Ice Cave.

You collected 1166 gold pieces.
You spent 405 gold pieces at shops.

Inventory:

Hand weapons
 P - a +2 demon whip of flaming (weapon)
 Z - a +6 blowgun
Missiles
 o - 5 curare-tipped needles
Armour
 b - a +2 pair of boots (worn)
 l - the +0 pair of gloves "Graan" (worn) {rPois Int+6 Stlth-}
   (You found it on level 8 of the Dungeon)

   It affects your intelligence (+6).
   It protects you from poison.
   It makes you less stealthy.
 s - a +5 ring mail of fire resistance (worn)
 t - a +2 cloak (worn)
 Y - a +2 helmet of see invisible (worn)
Jewellery
 e - a +2 ring of protection (right hand)
 i - an uncursed ring of protection from cold
 I - a +2 ring of strength (left hand)
Magical devices
 c - a wand of enslavement (3)
 d - a wand of random effects (23)
 f - a wand of heal wounds (0)
 h - a wand of disintegration (0)
 w - a wand of teleportation (1)
 S - a wand of lightning (4)
 T - a wand of cold (2)
 U - a wand of fireball (3)
Scrolls
 a - a scroll of blinking
 k - 5 scrolls of remove curse
 m - 3 scrolls of fog
 y - a scroll of noise {unknown}
 F - 2 scrolls of teleportation
 G - a scroll of identify
 J - a scroll of torment {unknown}
 L - a scroll of fear
 W - a scroll of holy word {unknown}
 X - a scroll of magic mapping {unknown}
Potions
 p - 8 potions of curing
 x - 5 potions of haste
 z - 3 potions of restore abilities
 A - 2 potions of resistance
 B - 8 potions of might
 D - a potion of cancellation
 K - 2 potions of mutation {unknown}
 M - 3 potions of agility
 N - a potion of invisibility
 O - a potion of flight {unknown}
 Q - 2 potions of berserk rage
 R - a potion of lignification {unknown}
 V - 2 potions of heal wounds
Miscellaneous
 g - a plain deck of escape
 n - an ornate deck of escape
 q - a plain deck of war {drawn: 4}
 r - an ornate deck of destruction
 E - an ornate deck of destruction {drawn: 1}
Comestibles
 u - 12 royal jellies
 v - 10 fruits
 C - 6 bread rations
 H - 3 beef jerkies


   Skills:
 + Level 7.8 Fighting
   Level 1.0 Short Blades
 * Level 13.8 Maces & Flails
 + Level 1.7 Throwing
 + Level 9.2 Armour
 - Level 2.4 Dodging
 - Level 1.2 Stealth
 * Level 15.2 Evocations


You had 11 spell levels left.
You didn't know any spells.

Dungeon Overview and Level Annotations

Branches:
Dungeon (11/15)            Temple (1/1) D:7            Lair (8/8) D:10
  Swamp (0/5) Lair:5        Snake (0/5) Lair:5        Slime (0/6) Lair:8
    Orc: D:9-12

Altars:
Ashenzari
Cheibriados
Dithmenos
Elyvilon
Fedhas
Gozag
Kikubaaqudgha
Makhleb
Nemelex Xobeh
Okawaru
Qazlal
Ru
Sif Muna
Trog
Vehumet
Xom
Yredelemnul
Zin
The Shining One
Jiyva

Shops:
D:4 !   D:7 *

Annotations:
D:9 hornqvist's ghost, experienced VSBe
Lair:1 exclusions: bush and 1 more exclusion
Lair:8 1 runed door


Innate Abilities, Weirdness & Mutations

You are resistant to damage.
You can recharge devices by infusing magical energy.
You passively map the area around you.
You do not heal naturally.
You can breathe flames.
You can spit poison.
Your muscles are strong. (Str +2)
Your spells are a little easier to cast, but a little less powerful.


Message History

The manticore claws you but does no damage.
The manticore closely misses you.
A blink frog comes into view.
Evoke which item? (* to show all) (? for menu, Esc to quit)
Zapping:
w - a wand of teleportation (3)
Press: ? - help, Shift-Dir - straight line, f - apis
Aim: an apis (chance 19%)
The apis resists with almost no effort.
This wand has 2 charges left.
The apis gores you!
* * * LOW HITPOINT WARNING * * *
The basilisk bites you!
* * * LOW HITPOINT WARNING * * *
The manticore completely misses you.
The manticore claws you but does no damage. x2
Evoke which item? (* to show all) (? for menu, Esc to quit)
Zapping:
w - a wand of teleportation (2)
Press: ? - help, Shift-Dir - straight line, f - you, p - apis You feel strangely unstable.
This wand has 1 charge left.
The apis gores you!!
You die...
Your body glows with a rainbow of weird colours and disappears.

....................... , ,
,........P................ , ,
..........................
................#######....
....... #P.........h,#....
,..P.... * ##.....#.l$ #.... ,
......P#####..†..# ,,, #...P
,.........#†#lHF...#######.PP.
.....<..../#@Y............PP.
,
..........†PP#............#P.
.........PPP......#..##.####
.........PP.....####.####
...............## ###
...............# ,
..........##### * .....#.### ,
..###


You could see an apis, a manticore, a basilisk and a blink frog.

Vanquished Creatures
  A hydra (Lair:2)
  2 death yaks
  2 ice statues (IceCv)
  A hill giant (D:10)
  An ugly thing (IceCv)
  An elephant (Lair:4)
  2 black mambas
  2 komodo dragons
  A fire drake (Lair:8)
  2 spiny frogs
  An efreet (Lair:8)
  A queen bee (D:9)
  A raiju (shapeshifter) (Lair:8)
  3 blink frogs (Lair:1)
  A deep elf mage (D:10)
  A wyvern (Lair:8)
  9 hippogriffs
  12 yaks
  Eustachio (D:6)
  8 nagas
  8 porcupines
  8 wolves
  2 hungry ghosts
  10 water moccasins
  11 ice beasts
  A centaur (D:5)
  10 killer bees
  A swamp drake (D:9)
  2 black bears
  2 sky beasts
  2 orc warriors
  2 phantoms
  4 ogres
  A boring beetle (Lair:8)
  4 crocodiles
  10 giant frogs
  3 big kobolds (Sewer)
  4 scorpions
  5 wights (D:9)
  4 goliath beetles
  4 crimson imps
  4 jellies
  3 orc priests
  2 centaur skeletons
  11 iguanas
  8 orc wizards
  Natasha (thrice) (D:6)
  2 gnoll shamans (D:6)
  6 hounds
  8 sheep
  7 worker ants
  A hound zombie (D:5)
  A hound skeleton (D:4)
  8 mummies (Ossuary)
  A worker ant zombie (D:6)
  16 adders
  11 gnolls
  54 river rats
  3 shadow imps
  6 giant mites
  4 worms
  3 adder skeletons
  3 giant geckos
  4 oozes
  26 orcs
  A bat skeleton (D:6)
  8 giant cockroaches
  18 goblins
  16 hobgoblins
  13 jackals
  13 kobolds
  17 quokkas
  4 ball pythons
  16 bats
  A giant gecko skeleton (D:4)
  7 giant newts
  A giant spore (D:7)
  2 gnoll zombies (Ossuary)
  A hobgoblin zombie (Ossuary)
  3 kobold zombies (Ossuary)
  4 orc zombies
  22 rats
  A rat skeleton (Sewer)
  A river rat skeleton (Sewer)
  7 ballistomycetes (D:7)
502 creatures vanquished.

Vanquished Creatures (collateral kills)
  The ghost of Elizilla the Grappler, a powerful VSMo of Makhleb (IceCv)
  Urug (D:10)
  Pikel (D:7)
  An ugly thing (IceCv)
  7 elephants
  A torpor snail (Lair:3)
  A vampire mosquito (IceCv)
  A wyvern (Lair:8)
  A hog (Lair:8)
  A wolf (Lair:1)
  A hell hound (Lair:8)
  7 ice beasts (IceCv)
  A killer bee (D:7)
  An orc wizard (D:10)
  An adder (Lair:1)
  An adder zombie (D:7)
  An orc (D:10)
  2 jackals (D:8)
  A goblin (D:7)
  A rat (D:7)
33 creatures vanquished.

Vanquished Creatures (others)
  An orange demon (IceCv)
  3 yaktaurs (Lair:4)
  Prince Ribbit (D:7)
  A dancing weapon (Lair:1)
  A mottled dragon (Lair:8)
  2 hell hounds
  A centaur (Lair:1)
  A killer bee (D:7)
  A hound (D:7)
  An orc (D:8)
  4 fungi (Lair:8)
17 creatures vanquished.

Grand Total: 552 creatures vanquished

Notes
Turn   | Place    | Note
--------------------------------------------------------------
     0 | D:1      | Nefaurd, the Deep Dwarf Artificer, began the quest for the Orb.
     0 | D:1      | Reached XP level 1. HP: 16/16 MP: 1/1
   153 | D:1      | Reached XP level 2. HP: 19/24 MP: 3/3
   243 | D:1      | Reached skill level 1 in Armour
   472 | D:1      | Reached skill level 1 in Short Blades
   599 | D:1      | Reached XP level 3. HP: 17/30 MP: 5/5
   601 | D:1      | Reached skill level 5 in Evocations
   615 | D:1      | Reached skill level 1 in Fighting
  1190 | D:2      | Reached XP level 4. HP: 28/38 MP: 7/7
  1721 | D:3      | Found a sacrificial altar of Ru.
  1815 | D:3      | Reached skill level 1 in Maces & Flails
  1836 | D:3      | Found an opulent altar of Gozag.
  1882 | D:3      | Noticed a hippogriff
  1884 | D:3      | Killed a hippogriff
  1884 | D:3      | Reached skill level 6 in Evocations
  1884 | D:3      | Reached XP level 5. HP: 27/45 MP: 8/10
  2053 | D:3      | Found a glowing drain.
  2088 | D:3      | Reached XP level 6. HP: 31/52 MP: 12/12
  2106 | Sewer    | Entered a sewer
  2675 | D:3      | Found a shimmering altar of Xom.
  2675 | D:3      | Found a shadowy altar of Dithmenos.
  2885 | D:4      | Reached XP level 7. HP: 59/61 MP: 14/14
  2962 | D:4      | Found a radiant altar of Vehumet.
  2966 | D:4      | Found an iron altar of Okawaru.
  3057 | D:4      | Found Mulurul's Distillery.
  3258 | D:4      | Reached skill level 7 in Evocations
  3603 | D:5      | Entered Level 5 of the Dungeon
  3732 | D:5      | Reached skill level 5 in Armour
  4087 | D:5      | Reached skill level 5 in Maces & Flails
  4087 | D:5      | Reached XP level 8. HP: 52/69 MP: 18/18
  4099 | D:5      | Found a sand-covered staircase.
  4104 | Ossuary  | Entered an ossuary
  4497 | D:5      | Reached skill level 8 in Evocations
  4529 | D:5      | Found a shattered altar of Ashenzari.
  5220 | D:6      | Noticed Natasha
  5222 | D:6      | Killed Natasha
  5225 | D:6      | Noticed Eustachio
  5267 | D:6      | Killed Eustachio
  5370 | D:6      | Noticed Natasha
  5375 | D:6      | Killed Natasha
  5415 | D:6      | Reached skill level 9 in Evocations
  5551 | D:6      | Found a stormy altar of Qazlal.
  5707 | D:6      | Gained mutation: You passively map the area around you. [level up]
  5707 | D:6      | Reached XP level 9. HP: 42/78 MP: 17/17
  5726 | D:6      | Noticed Natasha
  5729 | D:6      | Killed Natasha
  5780 | D:7      | Found a staircase to the Ecumenical Temple.
  5791 | Temple   | Entered the Ecumenical Temple
  5826 | Temple   | Became a worshipper of Nemelex Xobeh the Trickster
  6159 | D:7      | Received a gift from Nemelex Xobeh
  6268 | D:7      | Found a snail-covered altar of Cheibriados.
  6296 | D:7      | Found Psei's Assorted Antiques.
  6303 | D:7      | Bought an encrusted opal ring for 145 gold pieces
  6303 | D:7      | Bought a runed helmet for 130 gold pieces
  6303 | D:7      | Bought a runed blowgun for 72 gold pieces
  6303 | D:7      | Bought a scroll of identify for 58 gold pieces
  6486 | D:7      | Noticed Pikel
  6500 | D:7      | Killed Pikel
  6586 | D:7      | Reached skill level 10 in Evocations
  6628 | D:7      | Found a deep blue altar of Sif Muna.
  6629 | D:7      | Noticed Prince Ribbit
  6660 | D:7      | Killed Prince Ribbit
  7536 | D:8      | Found a white marble altar of Elyvilon.
  7537 | D:8      | Got a pair of jewelled gloves
  7548 | D:8      | Identified the +0 pair of gloves "Graan" {rPois Int+6 Stlth-} (You found it on level 8 of the Dungeon)
  7731 | D:8      | Received a gift from Nemelex Xobeh
  7975 | D:9      | Found a blossoming altar of Fedhas.
  8044 | D:9      | Gained mutation: You can breathe flames. [mutagenic meat]
  8055 | D:9      | Gained mutation: Your spells are a little easier to cast, but a little less powerful. [mutagenic meat]
  8056 | D:9      | Gained mutation: Your muscles are strong. (Str +2) [mutagenic meat]
  8193 | D:9      | Noticed hornqvist's ghost (experienced VSBe)
  8256 | D:9      | Reached XP level 10. HP: 43/87 MP: 17/17
  8263 | D:9      | Reached skill level 11 in Evocations
  8309 | D:9      | Reached skill level 5 in Fighting
  9097 | D:10     | Entered Level 10 of the Dungeon
  9115 | D:10     | Gained mutation: You can spit poison. [mutagenic meat]
  9117 | D:10     | Found a staircase to the Lair.
  9203 | D:10     | Reached skill level 1 in Throwing
  9211 | D:10     | Received a gift from Nemelex Xobeh
  9218 | D:10     | Acquired Nemelex Xobeh's first power
  9264 | D:10     | Noticed a hill giant
  9290 | D:10     | Killed a hill giant
  9290 | D:10     | Reached skill level 10 in Maces & Flails
  9290 | D:10     | Reached skill level 12 in Evocations
  9442 | D:10     | Noticed Urug
  9468 | D:10     | Killed Urug
  9673 | D:10     | Received a gift from Nemelex Xobeh
  9953 | Lair:1   | Entered Level 1 of the Lair of Beasts
  9992 | Lair:1   | Reached XP level 11. HP: 45/97 MP: 18/18
 10040 | Lair:1   | Upgraded the game from 0.16.0-17-g811c1d7 to 0.16.0-18-g484a79e
 10519 | Lair:1   | Noticed an elephant
 10520 | Lair:1   | Noticed an elephant
 10521 | Lair:1   | Noticed an elephant
 10547 | Lair:1   | Killed an elephant
 10547 | Lair:1   | Reached skill level 13 in Evocations
 10552 | Lair:1   | Killed an elephant
 10558 | Lair:1   | Killed an elephant
 10618 | Lair:1   | Received a gift from Nemelex Xobeh
 10830 | Lair:1   | Acquired Nemelex Xobeh's second power
 11387 | Lair:2   | Received a gift from Nemelex Xobeh
 11711 | Lair:2   | Received a gift from Nemelex Xobeh
 11711 | Lair:2   | Received a gift from Nemelex Xobeh
 12267 | Lair:2   | Noticed a seven-headed hydra
 12277 | Lair:2   | Killed a seven-headed hydra
 12453 | Lair:3   | Acquired Nemelex Xobeh's third power
 12746 | Lair:3   | Found a staircase to the Swamp.
 12876 | Lair:3   | Noticed a death yak
 12899 | Lair:3   | Killed a death yak
 13449 | Lair:4   | Received a gift from Nemelex Xobeh
 13535 | Lair:4   | Reached skill level 14 in Evocations
 13537 | Lair:4   | Found a staircase to the Snake Pit.
 13548 | Lair:4   | Reached XP level 12. HP: 41/106 MP: 19/19
 13752 | Lair:4   | Found a frozen archway.
 13826 | IceCv    | Entered an ice cave
 13826 | IceCv    | Noticed Elizilla's ghost (powerful VSMo)
 13850 | IceCv    | Killed Elizilla's ghost
 13910 | IceCv    | Got a pitted cloak
 13921 | IceCv    | Identified the +0 cloak of Hysteria {+Blink} (You found it in an ice cave)
 14168 | Lair:4   | Got a warped ring mail
 14179 | Lair:4   | Identified the +0 ring mail "Asilo" {rC- Int+6 SInv} (You found it on level 4 of the Lair of Beasts)
 14391 | Lair:4   | Received a gift from Nemelex Xobeh
 14926 | Lair:5   | Found a staircase to the Swamp.
 15132 | Lair:5   | Found a staircase to the Snake Pit.
 15610 | Lair:6   | Received a gift from Nemelex Xobeh
 15635 | Lair:6   | Reached skill level 15 in Evocations
 15645 | Lair:6   | You fall through a shaft for 2 floors!
 15645 | Lair:8   | Entered Level 8 of the Lair of Beasts
 15654 | Lair:8   | Found a runed door.
 15654 | Lair:8   | Found a viscous altar of Jiyva.
 15654 | Lair:8   | Found a staircase to the Slime Pits.
 15654 | Lair:8   | Noticed an azure jelly
 15654 | Lair:8   | Noticed an azure jelly
 15967 | Lair:8   | Noticed an apis
 15979 | Lair:8   | Received a gift from Nemelex Xobeh
 16030 | Lair:8   | HP: 3/110 [basilisk (5)]
 16031 | Lair:8   | Demolished by an apis

Action                   |  1- 3 |  4- 6 |  7- 9 | 10-12 || total
-------------------------+-------+-------+-------+-------++-------
Melee: Short sword       |   125 |       |       |       ||   125
       Whip              |    85 |   193 |       |       ||   278
       Mace              |       |     4 |   532 |   624 ||  1160
       Demon whip        |       |       |       |   324 ||   324
 Fire: Shortbow          |       |       |     1 |       ||     1
       Blowgun           |       |       |     9 |    10 ||    19
Invok: Deal Four         |       |       |       |     2 ||     2
 Abil: Device Recharging |       |       |     6 |     6 ||    12
       Breathe Fire      |       |       |       |     9 ||     9
       Spit Poison       |       |       |       |     2 ||     2
       Evoke Blink       |       |       |       |     1 ||     1
Evoke: Wand              |     3 |    25 |    58 |    62 ||   148
       Deck              |       |       |     8 |    51 ||    59
  Use: Scroll            |       |     8 |    19 |    18 ||    45
       Potion            |       |     1 |     1 |     5 ||     7
 Stab: Confused          |       |     2 |       |       ||     2
       Paralysed         |       |       |     7 |       ||     7
       Distracted        |       |       |       |     1 ||     1
  Eat: Bread ration      |     1 |       |     1 |     1 ||     3
       Pizza             |       |     2 |       |       ||     2
       Meat ration       |       |       |     3 |     3 ||     6
       Chunk             |       |       |     3 |     2 ||     5
       Royal jelly       |       |       |       |     3 ||     3
       Fruit             |       |       |       |     5 ||     5
       Beef jerky        |       |       |       |     1 ||     1
